 Dungeon Crawl Stone Soup version 0.21.1-1-g345015fe64 (webtiles) character file.

60 Mrkan the Cudgeler (level 4, 0/28 HPs)
             Began as a Gargoyle Fighter on May 6, 2018.
             Was an Initiate of Ashenzari.
             Slain by Mrkan's ghost (8 damage)
             ... on level 3 of the Dungeon.
             The game lasted 00:02:59 (1840 turns).

Mrkan the Cudgeler (Gargoyle Fighter)               Turns: 1840, Time: 00:02:59

Health: 0/28       AC: 10    Str: 20    XL:     4   Next: 4%
Magic:  4/4        EV:  7    Int:  9    God:    Ashenzari [......]
Gold:   74         SH:  9    Dex:  9    Spells: 3/3 levels left

rFire    . . .     SeeInvis .   a - +0 flail
rCold    . . .     Gourm    .   c - +0 shield
rNeg     + . .     Faith    .   b - +0 scale mail
rPois    ∞         Spirit   .   (no helmet)
rElec    +         Reflect  .   (no cloak)
rCorr    .         Harm     .   (no gloves)
MR       .....                  (no boots)
Stlth    ..........             (no amulet)
HPRegen  0.09/turn              (no ring)
MPRegen  0.09/turn              (no ring)

@: no status effects
A: negative energy resistance 1, electricity resistance, unbreathing,
petrification resistance, rot immunity, AC +3
a: Curse Item, Renounce Religion


You were on level 3 of the Dungeon.
You worshipped Ashenzari.
Ashenzari was noncommittal.
You were not hungry.

You visited 1 branch of the dungeon, and saw 3 of its levels.

You collected 82 gold pieces.
You donated 8 gold pieces to Zin.

Inventory:

Hand Weapons
 a - a +0 flail (weapon)
Armour
 b - a +0 scale mail (worn)
 c - a +0 shield (worn)
Jewellery
 j - a cursed amulet of inaccuracy
 l - a cursed -4 ring of dexterity
Scrolls
 g - a scroll of amnesia {unknown}
 h - a scroll of identify {unknown}
 m - 2 scrolls of magic mapping {unknown}
 n - a scroll of fog {unknown}
Potions
 d - a potion of might
 e - 2 potions of lignification {unknown}
 i - a potion of curing {unknown}
 o - a potion of berserk rage {unknown}
 p - a potion of invisibility {unknown}
Comestibles
 f - 5 rations


   Skills:
 - Level 3.2 Fighting
 * Level 4.2 Maces & Flails
 - Level 3.2 Armour
 - Level 3.2 Shields


You had 3 spell levels left.
You didn't know any spells.

Dungeon Overview and Level Annotations

Branches:
Dungeon (3/15)

Altars:
Ashenzari
Hepliaklqana
Sif Muna
Xom
Zin

Annotations:
D:3 Mrkan's ghost, amateur GrFi


Innate Abilities, Weirdness & Mutations

You are resistant to torment.
Your stone body is resilient. (AC +3)
You are immune to poison.
You resist negative energy. (rN+)
You are resistant to electric shocks. (rElec)
You can survive without breathing.
You are immune to petrification.
You are immune to rotting.


Message History

Mrkan's ghost hits you. You block Mrkan's ghost's attack.
You hit Mrkan's ghost.
Mrkan's ghost is heavily damaged.
You block Mrkan's ghost's attack.
You barely miss Mrkan's ghost.
Mrkan's ghost is heavily damaged.
Mrkan's ghost hits you but does no damage.
You hit Mrkan's ghost.
Mrkan's ghost is heavily damaged.
Mrkan's ghost says, "I am invincible!"
Mrkan's ghost hits you.
* * * LOW HITPOINT WARNING * * *
Mrkan's ghost hits you but does no damage.
You thump Mrkan's ghost!
Mrkan's ghost is almost destroyed.
Mrkan's ghost hits you but does no damage.
You closely miss Mrkan's ghost.
Mrkan's ghost is almost destroyed.
Mrkan's ghost hits you!
You die...

##. .. .# #.#
#.###.#.##### ...
.....#>..... #.#
#<#.#####... ##.##
#.#.##....#. #...#
#.._.....##. #...#
#.#.#..#.##.
#..)####........##.
#W@.......#####....
#._..####..# #.#.#
..............# #.##.
...............# #.#..
#..............#####..##
####.#...#.###........##
#.#..?... >.###......
#.#....... .# #.##.##
#.##.##


You could see Mrkan's ghost.

Vanquished Creatures
  3 adders (D:2)
  A ball python (D:2)
  2 bats
  A giant cockroach (D:1)
  6 goblins
  5 hobgoblins
  5 jackals (D:1)
  4 kobolds
  2 rats (D:2)
29 creatures vanquished.

Notes
Turn   | Place    | Note
-------+----------+-------------------------------------------
     0 | D:1      | Mrkan the Gargoyle Fighter began the quest for the Orb.
     0 | D:1      | Reached XP level 1. HP: 14/14 MP: 1/1
   334 | D:1      | Reached XP level 2. HP: 9/19 MP: 2/2
   742 | D:1      | Reached skill level 3 in Maces & Flails
  1094 | D:2      | Reached XP level 3. HP: 17/23 MP: 3/3
  1182 | D:2      | Found a shimmering altar of Xom.
  1315 | D:2      | Reached skill level 4 in Maces & Flails
  1474 | D:2      | Found a faded altar of an unknown god.
  1505 | D:2      | Became a worshipper of Zin the Law-Giver
  1505 | D:2      | Reached * piety under Zin
  1644 | D:2      | Reached ** piety under Zin
  1648 | D:2      | Found a deep blue altar of Sif Muna.
  1785 | D:3      | Reached XP level 4. HP: 28/28 MP: 4/4
  1792 | D:3      | Found a shattered altar of Ashenzari.
  1810 | D:3      | Fell from the grace of Zin
  1810 | D:3      | Became a worshipper of Ashenzari the Shackled
  1814 | D:3      | Found a hazy altar of Hepliaklqana.
  1821 | D:3      | Noticed Mrkan's ghost (amateur GrFi)
  1840 | D:3      | Slain by Mrkan's ghost

Skill      XL: |  1  2  3 |
---------------+----------+-----
Maces & Flails | 3 4 |  4.2
Fighting       | |  3.2
Armour         | |  3.2
Shields        | |  3.2

Action                   |  1- 3 |  4- 6 || total
-------------------------+-------+-------++-------
Melee: Flail             |   142 |    16 ||   158
  Eat: Chunk             |     2 |       ||     2
       Ration            |     1 |       ||     1
Armor: Scale mail        |    92 |    10 ||   102
Dodge: Dodged            |    57 |     6 ||    63
Block: Shield            |    95 |     6 ||   101
